[Event "Early-Titled-Tuesday-Blitz-September-12-2023"]
[Site "Chess.com"]
[Date "2023.09.12"]
[Round "2"]
[White "MightyGMpretender"]
[Black "OlaaLa"]
[Result "1-0"]
[WhiteElo "2812"]
[BlackElo "2426"]
[TimeControl "180+1"]
[EndTime "8:18:21 PDT"]
[Termination "MightyGMpretender won by checkmate"]

1. e4 e5 2. Bc4 Nf6 3. d3 c6 4. Nf3 d5 5. Bb3 Bg4 6. h3 Bxf3 7. Qxf3 Be7 8. O-O O-O 9. Nc3 d4 10. Ne2 Ne8 11. Qg3 Bf6 12. f4 Nd7 13. fxe5 Bxe5 14. Bf4 Bxf4 15. Rxf4 Kh8 16. Rxf7 Rxf7 17. Bxf7 Nef6 18.
Rf1 Qe7 19. Bb3 c5 20. Nf4 Ne5 21. Nd5 Nxd5 22. Bxd5 Re8 23. Rf5 b5 24. Kh2 g6 25.
Rf1 c4 26. Rf4 cxd3 27. cxd3 Rc8 28. Rf2 Qc7 29. Rf6 Kg7 30. Rf5 Ng4+ 31. hxg4 Qxg3+ 32. Kxg3 gxf5 33. gxf5 Rc2 34. e5 Rxb2 35. Kf4 Rf2+ 36. Kg5 h6+ 37. Kg4 a5 38. f6+ Kg6 39. Be4+ Kf7 40.
Bd5+ Kg6 41. Be4+ Kf7 42. Bd5+ Kf8 43. Kh5 Rd2 44. e6 Re2 45. e7+ Ke8 46. Kg6 b4 47. Bc6# 1-0

[Event "Early-Titled-Tuesday-Blitz-September-12-2023"]
[Site "Chess.com"]
[Date "2023.09.12"]
[Round "2"]
[White "thedjoker98"]
[Black "artin10862"]
[Result "1-0"]
[WhiteElo "2639"]
[BlackElo "2936"]
[TimeControl "180+1"]
[EndTime "8:18:22 PDT"]
[Termination "thedjoker98 won by resignation"]

1. d4 d5 2. c4 e6 3. Nc3 Be7 4. cxd5 exd5 5. Bf4 c6 6. e3 Bf5 7.
g4 Be6 8. Qb3 Qb6 9. f3 Nd7 10.
h4 Ngf6 11. h5 O-O 12. Bd3 Qd8 13. Qc2 h6 14. Nge2 c5 15. g5 hxg5 16. Bxg5 Qa5 17. Nf4 cxd4 18. exd4 Bb4 19. h6 Rfc8 20. Rc1 Ne4 21. fxe4 dxe4 22. Nxe6 fxe6 23. Qb3 Rc6 24. d5 exd3 25. dxc6 Nc5 26. cxb7 Rd8 27. Qc4 Qc7 28. Rg1 Qe5+ 29. Kd1 Bxc3 30. Rxc3 Qe2+ 31. Kc1 Qf2 32. Qg4 d2+ 33. Bxd2 Qxd2+ 34. Kb1 Rd7 35. b8=Q+ Kh7 36. hxg7 Qd1+ 1-0

[Event "Early-Titled-Tuesday-Blitz-September-12-2023"]
[Site "Chess.com"]
[Date "2023.09.12"]
[Round "2"]
[White "Leandro-Slagboom"]
[Black "jaskol95"]
[Result "0-1"]
[WhiteElo "2369"]
[BlackElo "2542"]
[TimeControl "180+1"]
[EndTime "8:18:22 PDT"]
[Termination "jaskol95 won on time"]

1. e4 d5 2. exd5 Nf6 3. Nf3 Bg4 4. Bb5+ Nbd7 5. h3 Bh5 6. Nc3 a6 7. Be2 Nb6 8. O-O Nbxd5 9. Nxd5 Nxd5 10. d4 e6 11. c4 Nf6 12. Bf4 Bd6 13. Ne5 Bxe2 14. Qxe2 h6 15. Rad1 c6 16. Rfe1 Qc7 17. c5 Bxe5 18.
Bxe5 Qe7 19. Bd6 Qd7 20. Rd3 Nd5 21. Rg3 g6 22. Qe5 O-O-O 23. Rb3 b5 24. a4 Kb7 25. axb5 axb5 26. Rf3 f6 27. Qe4 f5 28. Qxe6 Qxe6 29. Rxe6 Rhe8 30. Rxg6 Re1+ 31. Kh2 Re2 32. Rxf5 Rxb2 33.
Rf7+ Ka6 34. Bc7 Rc8 35. Rxc6+ Kb7 36. Rb6+ Nxb6 37. Bxb6+ Kc6 38. Rf5 Rd2 39. Ba5 Rxd4 40. Kg3 Rd5 41. Rf6+ Kxc5 42. Rxh6 b4 43. Rh4 Rg8+ 44.
Kh2 Rb8 45. Bxb4+ Rxb4 46. Rxb4 Kxb4 47. Kg3 Kc5 48. Kf4 Kd6 49. g4 Ke6 50. h4 Kf6 51. g5+ Kg6 52. Kg4 Rd1 53. h5+ Kg7 54. Kf5 Rh1 55. h6+ Kf7 56. g6+ Kg8 57. Kg5 Rg1+ 58.
Kf6 Rf1 59. h7+ Kh8 0-1

[Event "Early-Titled-Tuesday-Blitz-September-12-2023"]
[Site "Chess.com"]
[Date "2023.09.12"]
[Round "2"]
[White "DvaHrasta"]
[Black "Ariadna_Atreides"]
[Result "1-0"]
[WhiteElo "2487"]
[BlackElo "2219"]
[TimeControl "180+1"]
[EndTime "8:18:22 PDT"]
[Termination "DvaHrasta won on time"]

1. c4 e5 2. g3 c6 3. Nf3 e4 4. Nd4 d5 5. cxd5 cxd5 6. Bg2 Nc6 7. Nc2 Bc5 8. O-O Nf6 9. d3 O-O 10. Nc3 exd3 11. Qxd3 d4 12. Ne4 Ne5 13. Nxf6+ Qxf6 14.
Qb5 Qe7 15. b4 Bb6 16. Bb2 Bd7 17. Qxd7 Qxd7 18. Rfd1 Nc6 19. b5 Ne5 20. Nxd4 Qe7 21. e3 g6 22. a4 Rfd8 23. a5 Bc5 24. a6 Rab8 25. axb7 Rxb7 26. Bc3 Rc8 27. Nc6 Nxc6 28. bxc6 Rbc7 29. Ra6 Bb6 30. Ra4 h5 31. Re4 Qf8 32.
Rc4 Qe7 33. h4 Qe8 34. Rd6 Qe7 35. Rd3 Qa3 36. Be4 Qc1+ 37. Kg2 Qb1 38. Be5 Qb5 39.
Bd5 Rd8 40. Bxc7 Bxc7 41. Rcd4 a5 42. Bf3 1-0

[Event "Early-Titled-Tuesday-Blitz-September-12-2023"]
[Site "Chess.com"]
[Date "2023.09.12"]
[Round "2"]
[White "aghasiyevkamal"]
[Black "assezde36"]
[Result "0-1"]
[WhiteElo "2547"]
[BlackElo "2817"]
[TimeControl "180+1"]
[EndTime "8:18:24 PDT"]
[Termination "assezde36 won on time"]

1. d4 Nf6 2. c4 g6 3. Nc3 Bg7 4. e4 O-O 5. Be2 d6 6. Bg5 c5 7. d5 h6 8. Be3 e6 9. Qd2 exd5 10.
cxd5 Re8 11. f3 a6 12. a4 Nbd7 13. h4 h5 14. Nh3 Ne5 15. Nf2 Bd7 16. Rg1 b5 17.
axb5 axb5 18. Rxa8 Qxa8 19. Nxb5 Bxb5 20. Bxb5 Rb8 21. Be2 Nfd7 22. Nd1 Nb6 23. Qc2 Qa4 24. b3 Qa3 25. Kf2 Nbd7 26. f4 Ng4+ 27. Bxg4 hxg4 28. Re1 Rxb3 29. Kg1 g3 30. e5 dxe5 31. f5 Qb4 32.
Rf1 Qxh4 33. Re1 Rb4 34. fxg6 Qh2+ 35. Kf1 Qh1+ 36. Bg1 Rf4+ 37. Ke2 Qxg2+ 38. Kd3 e4+ 39. Rxe4 Qxe4+ 0-1

[Event "Early-Titled-Tuesday-Blitz-September-12-2023"]
[Site "Chess.com"]
[Date "2023.09.12"]
[Round "2"]
[White "Djager97"]
[Black "esrosenberg"]
[Result "1-0"]
[WhiteElo "2539"]
[BlackElo "2367"]
[TimeControl "180+1"]
[EndTime "8:18:24 PDT"]
[Termination "Djager97 won by checkmate"]

1. e4 c6 2. d4 d5 3. exd5 cxd5 4. Bd3 Nc6 5. c3 Nf6 6. h3 g6 7. Nf3 Bf5 8. Be2 Bg7 9. Bf4 O-O 10. O-O Re8 11. Nbd2 Ne4 12. Re1 f6 13. Bf1 e5 14.
Bh2 Nxd2 15. Nxd2 e4 16. c4 Nxd4 17. cxd5 Kh8 18. Nc4 Qxd5 19. Nd6 Red8 20. Bc4 Qxd6 21. Bxd6 Rxd6 22. Qa4 a6 23. Rad1 b5 24. Bxb5 Nxb5 25. Rxd6 Nxd6 26. Qc6 Rd8 27. Rd1 Bf8 28. Qc7 Rd7 29. Qc6 a5 30. Qa8 Kg7 31. Qxa5 Be7 32. b4 Kf7 33. b5 Nc4 34. Qe1 Ra7 35. g4 Be6 36. Qxe4 Rxa2 37. Re1 Ne5 38. f4 Bc5+ 39. Kh1 Bxg4 40. hxg4 Nxg4 41. Qe6+ Kg7 42. Qxa2 Nf2+ 43. Kg2 Nd3 44. Rf1 h5 45. Qc4 Nxf4+ 46. Rxf4 Bb6 47. Qc6 Be3 48. Qxf6+ Kh6 49. Re4 Bg5 50. Qh8# 1-0

[Event "Early-Titled-Tuesday-Blitz-September-12-2023"]
[Site "Chess.com"]
[Date "2023.09.12"]
[Round "2"]
[White "Artem_Sadovsky"]
[Black "temus_galaktionov"]
[Result "0-1"]
[WhiteElo "2549"]
[BlackElo "2834"]
[TimeControl "180+1"]
[EndTime "8:18:25 PDT"]
[Termination "temus_galaktionov won on time"]

1. Nf3 c6 2. e3 g6 3. c4 Bg7 4. Nc3 d6 5. d4 Nd7 6. Be2 Ngf6 7.
O-O O-O 8. Rb1 e5 9. b4 Re8 10. b5 Qa5 11. Bd2 Qc7 12. a4 e4 13. Ne1 h5 14.
Nc2 Nf8 15. Nb4 a5 16. b6 Qxb6 17. Nbd5 Qd8 18. Nb6 Rb8 19. c5 dxc5 20. dxc5 Ne6 21.
Na2 Nxc5 22. Bxa5 Qxd1 23. Rfxd1 Bf5 24. Bc4 Ng4 25. Bb4 Bf8 26. Nc3 Ne5 27. Ba2 Ned3 28.
Ba3 Bg7 29. Ne2 Rbd8 30. Nd4 Bg4 31. Rd2 Nd7 32. Nc4 N7c5 33. h3 Bc8 34. Nb6 Be6 35. Nxe6 Nxe6 36. Nc4 Nec5 37. a5 Ra8 38. Nd6 Reb8 39. Bxf7+ Kh7 40. Nxe4 Rxa5 41. Nxc5 Nxc5 42. Bb4 Rb5 43. Bc4 Rb6 44. Ba2 Ne4 45. Rd7 Ra8 46. Bf7 c5 47. Bd5 Nf6 0-1

[Event "Early-Titled-Tuesday-Blitz-September-12-2023"]
[Site "Chess.com"]
[Date "2023.09.12"]
[Round "2"]
[White "Mikasinski"]
[Black "maracayo"]
[Result "1/2-1/2"]
[WhiteElo "2671"]
[BlackElo "2392"]
[TimeControl "180+1"]
[EndTime "8:18:25 PDT"]
[Termination "Game drawn by repetition"]

1. e4 d6 2. d4 Nf6 3. Nc3 c6 4.
f4 Qa5 5. e5 Ne4 6. Bd3 Nxc3 7.
Qd2 e6 8. bxc3 Be7 9. Nf3 Nd7 10. O-O c5 11. d5 exd5 12. exd6 Bxd6 13. Re1+ Kf8 14.
Ng5 Nf6 15. c4 Qxd2 16. Bxd2 h6 17. Nf3 Be6 18. cxd5 Bxd5 19. Ne5 Rd8 20. Bc3 Be6 21. a4 Nd5 22. Bd2 Nb4 23. Bxb4 cxb4 24. Kf1 g5 25. f5 Bd5 26. Rad1 Kg7 27. Ng4 h5 28. f6+ Kf8 29. Ne3 Be6 30. Bc4 Rh6 31. Kg1 Rxf6 32. Bxe6 Rxe6 33. Nf5 Bc5+ 34. Kf1 Rxe1+ 35. Rxe1 Rd5 36. Ng3 a5 37. Nxh5 Rd2 38. Re2 Rd1+ 39. Re1 Rd2 40. Re2 Rd1+ 41. Re1 Rd2 1/2-1/2

[Event "Early-Titled-Tuesday-Blitz-September-12-2023"]
[Site "Chess.com"]
[Date "2023.09.12"]
[Round "2"]
[White "GaiozNigalidze"]
[Black "KorolDimitriy75"]
[Result "1-0"]
[WhiteElo "2714"]
[BlackElo "2366"]
[TimeControl "180+1"]
[EndTime "8:18:26 PDT"]
[Termination "GaiozNigalidze won by resignation"]

1. d4 Nf6 2. c4 c5 3. dxc5 Na6 4. Nc3 Nxc5 5. g3 g6 6. Bg2 Bg7 7. Nh3 O-O 8. O-O d6 9. Nf4 a5 10. Nb5 Bd7 11. Be3 Ng4 12. Bc1 Ne5 13. Na3 a4 14. Nd5 Bc6 15. Bg5 Re8 16. Qd2 Kf8 17. Rad1 Qa5 18.
Qxa5 Rxa5 19. Bd2 Raa8 20. Nc7 Bxg2 21. Kxg2 Rac8 22. Nxe8 Kxe8 23. Bc3 Ne4 24. Bd4 Kf8 25. b3 Nc6 26. Bxg7+ Kxg7 27. Nb5 Nc5 28. Rb1 axb3 29. axb3 Nb4 30. Nd4 Kf8 31. Rfc1 e6 32. Rc3 Ke7 33. Nb5 Ra8 34. Nd4 Ra2 35. Re3 Ra3 36. h4 h6 37. g4 Nc6 38. Nxc6+ bxc6 39. b4 Rxe3 40. fxe3 Ne4 41. b5 cxb5 42. cxb5 Nc5 43. b6 Nb7 44. Rc1 Kd8 45. Rc7 Nc5 46. Rxf7 Nd7 47. b7 1-0

[Event "Early-Titled-Tuesday-Blitz-September-12-2023"]
[Site "Chess.com"]
[Date "2023.09.12"]
[Round "2"]
[White "Rickstereo"]
[Black "TatjanaVasilevich"]
[Result "1-0"]
[WhiteElo "2432"]
[BlackElo "2558"]
[TimeControl "180+1"]
[EndTime "8:18:26 PDT"]
[Termination "Rickstereo won by checkmate"]

1. c4 Nf6 2. Nf3 e6 3. g3 b6 4. Bg2 Bb7 5. O-O Be7 6. Nc3 O-O 7. Re1 d5 8. cxd5 exd5 9. d4 Ne4 10. Bf4 Nd7 11.
Rc1 Rc8 12. Qa4 a6 13. Ne5 Nxe5 14. Bxe5 Bf6 15. Nxe4 dxe4 16. Red1 Qe7 17. Bxf6 Qxf6 18. e3 Rfd8 19. Bh3 b5 20. Qc2 h5 21. Bxc8 Rxc8 22. d5 Qf5 23. Qc5 h4 24. d6 Qf3 25. d7 h3 26.
d8=Q+ Rxd8 27. Rxd8+ Kh7 28. Kf1 Qg2+ 29. Ke1 Qh1+ 30.
Kd2 Qf3 31. Kc3 a5 32. Rc2 b4+ 33. Kb3 Ba6 34. Rd5 Bd3 35. Rh5+ Kg8 36. Rd2 Qf6 37.
Qf5 a4+ 38. Kxb4 Qb6+ 39. Ka3 Qd6+ 40. Qc5 Qe6 41. Re5 Qc8 42. Rxd3 exd3 43. Qd4 Qa6 44. Rd5 c5 45. Rd8+ Kh7 46. Qe4+ Kh6 47. Qf4+ g5 48. Rd6+ Kg7 49. Qf6+ Kh7 50. Qh6+ Kg8 51. Rd8# 1-0

[Event "Early-Titled-Tuesday-Blitz-September-12-2023"]
[Site "Chess.com"]
[Date "2023.09.12"]
[Round "2"]
[White "DeTimmerman"]
[Black "Der_Balak_3Halak"]
[Result "0-1"]
[WhiteElo "2636"]
[BlackElo "2425"]
[TimeControl "180+1"]
[EndTime "8:18:26 PDT"]
[Termination "Der_Balak_3Halak won by resignation"]

1. b4 e6 2. Bb2 Nf6 3. b5 c6 4. c4 d5 5. e3 dxc4 6. Bxc4 cxb5 7. Bxb5+ Bd7 8. Be2 Be7 9. Nf3 O-O 10. O-O Qb6 11.
Bd4 Qc7 12. Nc3 Nc6 13. Nb5 Qd8 14. Bc3 Nd5 15. Bb2 a6 16. Nbd4 Bf6 17. Nxc6 Bxc6 18. d4 Qd7 19. a4 Rfc8 20. Qb3 b5 21. axb5 Bxb5 22. Bxb5 Qxb5 23. Qxb5 axb5 24. Rxa8 Rxa8 25. Rb1 Ra2 26. Kf1 h6 27. Nd2 Be7 28. Ke2 Ba3 29. Ba1 Bb4 30. Bb2 Bc3 31. e4 Nf4+ 32. Ke3 Nxg2+ 33. Kf3 Nh4+ 34. Kg4 Bxb2 35. Kxh4 Bxd4 36.
Nf3 Bxf2+ 37. Kg4 Ra4 38. Rxb5 Rxe4+ 39. Kh3 g5 40. Kg2 Be3 41. h3 Kg7 42. Rb2 Bf4 43. Rb7 h5 44. Rb5 Re2+ 45. Kf1 Rc2 46. Nxg5 Bxg5 47. Rxg5+ Kh6 48. Rg8 Rc3 49. Kg2 Rc5 50.
Kf3 Rf5+ 51. Ke4 Rg5 52. Rf8 Kg7 53. Ra8 Rg3 54. Ra5 Rxh3 55. Kf4 Kg6 56. Rg5+ Kf6 57.
Rg8 Rh4+ 58. Kf3 Rg4 59. Rh8 Kg5 60. Rg8+ Kf5 61. Rh8 h4 62. Rh5+ Rg5 63. Rxh4 e5 64.
Rh8 e4+ 65. Ke3 Rg3+ 66. Kf2 Rg4 67. Ke3 Rg3+ 68. Kf2 Rf3+ 69. Ke2 Ke5 70. Re8+ Kf4 71. Rh8 f5 72. Re8 Re3+ 73. Kf2 Ra3 74. Ke2 Ra2+ 75. Kd1 Ke3 76. Rf8 f4 77. Rb8 Ra1+ 78. Kc2 f3 79. Rb3+ Ke2 80. Rb4 e3 81. Rb1 Rxb1 0-1

[Event "Early-Titled-Tuesday-Blitz-September-12-2023"]
[Site "Chess.com"]
[Date "2023.09.12"]
[Round "2"]
[White "amylazy"]
[Black "Ishowmoves57"]
[Result "1-0"]
[WhiteElo "2464"]
[BlackElo "2106"]
[TimeControl "180+1"]
[EndTime "8:18:26 PDT"]
[Termination "amylazy won on time"]

1. d4 Nf6 2. Nf3 d5 3. c4 e6 4. g3 Bb4+ 5. Bd2 Be7 6. Bg2 O-O 7. O-O Nbd7 8. Qc2 Ne4 9. Bf4 c6 10. Nbd2 f5 11. Ne5 g5 12. Nxe4 dxe4 13. Bd2 Nxe5 14. dxe5 Qc7 15. Bc3 c5 16. Rfd1 b6 17. Qa4 Rf7 18.
Rd2 Bb7 19. Rd7 Qc6 20. Qxc6 Bxc6 21. Rc7 Be8 22. Rd1 Bd8 23. Rxf7 Kxf7 24. f3 exf3 25.
Bxf3 Rb8 26. Rd6 Bc7 27. Rd1 g4 28. Bg2 Ke7 29. e4 Rd8 30. Rf1 Bg6 31. exf5 Bxf5 32. Bc6 Rf8 33. Rd1 Rd8 34. Rf1 Rf8 35. b4 Bd3 36. Rxf8 Kxf8 37. bxc5 bxc5 38. Bb5 Ke7 39.
Kf2 Bf5 40. Ke3 Bd8 41. Bb2 Kf7 42. Ba3 Bg5+ 43. Ke2 Be7 44. Bc1 h5 45. Be3 Kg6 46. Kd2 Be4 47. Kc3 Kf5 48. Be8 Kxe5 49. Bxh5 Bf5 50.
Kb3 Ke4 51. Bf4 Kf3 52. Bb8 a6 53. Ka4 Kg2 54. Ka5 1-0

[Event "Early-Titled-Tuesday-Blitz-September-12-2023"]
[Site "Chess.com"]
[Date "2023.09.12"]
[Round "2"]
[White "Zheenbekov86"]
[Black "El_Matador12"]
[Result "1-0"]
[WhiteElo "2416"]
[BlackElo "2670"]
[TimeControl "180+1"]
[EndTime "8:18:27 PDT"]
[Termination "Zheenbekov86 won on time"]

1. e4 c6 2. d4 d5 3. exd5 cxd5 4.
Bd3 Nf6 5. h3 Nc6 6. Nf3 Nb4 7.
Bb5+ Bd7 8. Be2 Bf5 9. Na3 e6 10. O-O Be7 11. c3 Nc6 12. Bf4 O-O 13. Nh4 Be4 14.
f3 Bg6 15. Nxg6 hxg6 16. Nc2 Rc8 17. Ne1 a6 18. Nd3 b5 19. b4 Qb6 20. Nc5 e5 21. dxe5 Bxc5+ 22. bxc5 Qxc5+ 23. Kh2 Nh5 24. Bg5 Qxc3 25.
f4 Nd4 26. Bxh5 gxh5 27. Qxh5 Nf5 28. Bh4 Ne3 29. Bf6 Nxf1+ 30. Rxf1 Qd3 31. f5 Qe3 32. Rf3 Qxf3 33. Qxf3 gxf6 34. Qg4+ Kh8 35. Qh5+ Kg7 36. Qg4+ Kh6 37. exf6 1-0

[Event "Early-Titled-Tuesday-Blitz-September-12-2023"]
[Site "Chess.com"]
[Date "2023.09.12"]
[Round "2"]
[White "LionKing2367890"]
[Black "Eagle_2019"]
[Result "0-1"]
[WhiteElo "2228"]
[BlackElo "2686"]
[TimeControl "180+1"]
[EndTime "8:18:27 PDT"]
[Termination "Eagle_2019 won by resignation"]

1. e4 c5 2. Nf3 e6 3. d4 cxd4 4. Nxd4 Nc6 5. c4 Nf6 6. Nc3 Bb4 7. Nxc6 bxc6 8. Bd3 e5 9. O-O O-O 10. h3 d6 11. Ne2 Bc5 12. Kh1 Re8 13. a3 a5 14.
Bd2 Qb6 15. f4 exf4 16. Nxf4 Qxb2 17. Rb1 Qe5 18. Qc2 Ba6 19. Bc3 Bd4 20. Bxd4 Qxd4 21.
Ne2 Qe5 22. Rf5 Qe7 23. Rbf1 Bc8 24. R5f2 Be6 25. Nd4 Bd7 26. Qd2 Qe5 27. Nf3 Qc5 28.
Qg5 Qxg5 29. Nxg5 h6 30. Nf3 Nxe4 31. Bxe4 Rxe4 32. Rd2 Rxc4 33. Rxd6 Be8 34. Ne5 Rc3 35. Rd4 Rxa3 36. Rc4 Re3 37. Nxc6 Bxc6 38. Rxc6 a4 39. Rc7 f6 40. Rd1 a3 41. Rdd7 Rg3 42. Kh2 Rg5 43.
h4 Rg4 44. Kh3 h5 45. Rd1 a2 46. Rcc1 Rb4 47. Ra1 Rb3+ 48. Kh2 Rb2 49. Kh3 Ra3+ 50. g3 Rc3 51. Rd8+ Kh7 52. Re1 Rb1 53. Ree8 a1=Q 54. Rh8+ Kg6 0-1

[Event "Early-Titled-Tuesday-Blitz-September-12-2023"]
[Site "Chess.com"]
[Date "2023.09.12"]
[Round "2"]
[White "supereagles1201"]
[Black "Bilan_Danila"]
[Result "0-1"]
[WhiteElo "2391"]
[BlackElo "2590"]
[TimeControl "180+1"]
[EndTime "8:18:27 PDT"]
[Termination "Bilan_Danila won by resignation"]

1. c4 c6 2. Nf3 d5 3. g3 Nf6 4. Bg2 Bf5 5. Qb3 Qb6 6. d3 e6 7. Be3 Qa6 8. Nbd2 Nbd7 9. cxd5 exd5 10. h3 Bc5 11. Bxc5 Nxc5 12. Qc2 Ne6 13. O-O h6 14. b4 O-O 15. a4 Rac8 16. Rfb1 Rfe8 17. e4 Bh7 18. Bf1 Qb6 19. Qb3 Nd4 20. Nxd4 Qxd4 21.
Nf3 Qb6 22. e5 Nd7 23. Re1 Nf8 24. a5 Qd8 25. d4 Be4 26. Nd2 Bg6 27. Bd3 Qg5 28.
Nf3 Qh5 29. Bxg6 fxg6 30. Kg2 g5 31. b5 Ne6 32. bxc6 bxc6 33. Rab1 Rf8 34. Qd3 g4 35. hxg4 Qxg4 36. Qe3 Rf7 37. Nh2 Qg6 38. Rf1 Rcf8 39. f3 Ng5 40. f4 Ne6 41. Rf2 Qxb1 42. f5 Rxf5 43. Nf3 Rxf3 44. Rxf3 Rxf3 45. Qxf3 Qe4 0-1

[Event "Early-Titled-Tuesday-Blitz-September-12-2023"]
[Site "Chess.com"]
[Date "2023.09.12"]
[Round "2"]
[White "Srisshhhtea"]
[Black "IwkooO"]
[Result "1-0"]
[WhiteElo "2426"]
[BlackElo "2639"]
[TimeControl "180+1"]
[EndTime "8:18:28 PDT"]
[Termination "Srisshhhtea won by checkmate"]

1. e4 e6 2. d4 d5 3. Nc3 dxe4 4. Nxe4 Nd7 5. Bd3 Ngf6 6. Ng3 c5 7. Nf3 cxd4 8. Nxd4 Nc5 9. Bb5+ Bd7 10. O-O Be7 11. Re1 O-O 12. Be3 Bxb5 13. Nxb5 a6 14. Nc3 Qc7 15.
Qf3 b5 16. Bf4 Qb6 17. Be5 Rac8 18. Rad1 Rfd8 19. Nce4 Ncxe4 20. Nxe4 Nxe4 21. Qxe4 Bc5 22. Qf4 f6 23. Bc3 e5 24. Qg3 Rxd1 25. Rxd1 Rd8 26. Rxd8+ Qxd8 27. Qg4 Qd5 28. a3 f5 29. Qe2 e4 30. g3 g6 31. Bb4 Bxb4 32. axb4 Qd4 33. c3 Qc4 34. Qd2 Qe6 35. Qd8+ Kg7 36. Qd4+ Kh6 37.
h4 Qc6 38. Qh8 Qd6 39. Kg2 f4 40.
g4 g5 41. Qe8 gxh4 42. Qxe4 Qd2 43. Qf5 h3+ 44. Kxh3 Qxf2 45. Qf6# 1-0

[Event "Early-Titled-Tuesday-Blitz-September-12-2023"]
[Site "Chess.com"]
[Date "2023.09.12"]
[Round "2"]
[White "vladgoncharov"]
[Black "MusicCityMaster"]
[Result "0-1"]
[WhiteElo "2540"]
[BlackElo "2390"]
[TimeControl "180+1"]
[EndTime "8:18:28 PDT"]
[Termination "MusicCityMaster won on time"]

1. d4 Nf6 2. c4 c5 3. d5 b5 4.
cxb5 a6 5. b6 e6 6. Nc3 Nxd5 7.
Nxd5 exd5 8. Qxd5 Nc6 9. e3 Be7 10.
Bc4 O-O 11. Nf3 Rb8 12. O-O Rxb6 13. Rd1 Bf6 14. Qxc5 Nb4 15. a3 d6 16. Qa5 Nc6 17.
Qd2 Ne5 18. Nxe5 Bxe5 19. f4 Bf6 20. Ra2 Bb7 21. b4 Re8 22. Bb2 Bxb2 23. Rxb2 d5 24. Bxd5 Bxd5 25. Qxd5 Qf6 26. Re2 h6 27. Qd4 Qg6 28.
e4 Rc6 29. e5 Rec8 30. Qd3 Qg4 31. Red2 Qxf4 32. Qd5 Qe3+ 33. Kf1 Rc1 34. Qd3 Qxe5 35. h3 R8c4 36. Kg1 R1c3 37. Qd8+ Kh7 38. Rf1 Qe3+ 39. Rdf2 Rc2 40. Qd6 Rxf2 41. Rxf2 Rc1+ 42. Kh2 Qxf2 43. Qd3+ g6 44. Qe4 Qg1+ 45. Kg3 Rc3+ 46. Kh4 Qf2+ 0-1

[Event "Early-Titled-Tuesday-Blitz-September-12-2023"]
[Site "Chess.com"]
[Date "2023.09.12"]
[Round "2"]
[White "marcodobrikov"]
[Black "Rud_Makarian"]
[Result "1/2-1/2"]
[WhiteElo "2632"]
[BlackElo "2959"]
[TimeControl "180+1"]
[EndTime "8:18:29 PDT"]
[Termination "Game drawn - insufficient material"]

1. Nc3 Nf6 2. e4 e5 3. Nf3 Nc6 4. Bb5 Nd4 5. Nxe5 c6 6. Be2 Qe7 7. Nf3 Nxf3+ 8. Bxf3 d5 9. d3 dxe4 10. Nxe4 Nxe4 11. dxe4 g6 12. O-O Bg7 13. c3 O-O 14. Be3 h5 15. Qc2 Be5 16. Rad1 Bg4 17. Bxg4 hxg4 18. g3 Kg7 19. h4 gxh3 20. f4 Bc7 21. e5 Bb6 22. Bxb6 axb6 23. Kh2 Rxa2 24. f5 Qxe5 25. fxg6 Ra4 26. Rxf7+ Rxf7 27. gxf7 Qe4 28. Qf2 Qg2+ 29. Qxg2 hxg2 30. Kxg2 Ra2 31. Rd2 Kxf7 32. Kf3 Ke6 33. g4 Ra1 34. g5 Kf5 35. Rg2 Kg6 36.
Ke4 Rd1 37. Ke5 Rd5+ 38. Ke6 b5 39. Rf2 b4 40. c4 Rd4 41. Rf6+ Kxg5 42. Rf5+ Kg4 43.
Rf7 Rxc4 44. Rxb7 c5 45. Kd5 Rc2 46. Rb5 Kf3 47. Rxc5 Rxb2 48. Kc4 Ke3 49. Rb5 Kd2 50. Rxb4 Rxb4+ 51. Kxb4 1/2-1/2

[Event "Early-Titled-Tuesday-Blitz-September-12-2023"]
[Site "Chess.com"]
[Date "2023.09.12"]
[Round "2"]
[White "tetrix83"]
[Black "Apocalyps999"]
[Result "1-0"]
[WhiteElo "2530"]
[BlackElo "2317"]
[TimeControl "180+1"]
[EndTime "8:18:31 PDT"]
[Termination "tetrix83 won by checkmate"]

1. e4 e5 2. Nf3 Nc6 3. Bb5 a6 4. Bxc6 dxc6 5. O-O Bg4 6. h3 h5 7. d3 Qf6 8. Nbd2 Ne7 9. Re1 Ng6 10. d4 Bd6 11. hxg4 hxg4 12. Nh2 Rxh2 13. Qxg4 Rh4 14. Qf5 Rf4 15. Qxf6 Rxf6 16. Nf3 Re6 17. Bg5 f6 18. Be3 Kf7 19. Rad1 Rh8 20. d5 cxd5 21. exd5 Ree8 22. c4 b6 23. a3 a5 24. Rb1 Nh4 25. b4 Nxf3+ 26. gxf3 axb4 27. axb4 Rb8 28. c5 bxc5 29. bxc5 Be7 30. Rec1 Rhd8 31. Rxb8 Rxb8 32. f4 Rd8 33. Rd1 exf4 34. Bxf4 Bxc5 35. Bxc7 Rd7 36. Bf4 Bd6 37. Be3 Be5 38. Kg2 f5 39. f4 Bc7 40. Kf3 Kf6 41. Bd4+ Kf7 42. Be5 g6 43. Rd2 Ba5 44. Rd3 Bb4 45.
Rd1 Bc5 46. Kg3 Bb4 47. Kh4 Be7+ 48. Kg3 Bc5 49. Kf3 Rd8 50. Rd3 Rd7 51. Ke2 Rb7 52.
Rc3 Bb4 53. Rh3 Kg8 54. Rh8+ Kf7 55. Rh7+ Ke8 56. Rxb7 Be7 57. d6 Bd8 58. Kd3 Ba5 59.
Kc4 Bd8 60. Kd5 Ba5 61. Ke6 Bd8 62. Rb8 Kf8 63. Rxd8# 1-0

[Event "Early-Titled-Tuesday-Blitz-September-12-2023"]
[Site "Chess.com"]
[Date "2023.09.12"]
[Round "2"]
[White "BeautiFullMindChess"]
[Black "Stewie_89"]
[Result "0-1"]
[WhiteElo "2190"]
[BlackElo "2489"]
[TimeControl "180+1"]
[EndTime "8:18:31 PDT"]
[Termination "Stewie_89 won by checkmate"]

1. e4 Nf6 2. e5 Nd5 3. d4 d6 4. Nf3 g6 5. Bc4 c6 6. exd6 Qxd6 7. O-O Bg7 8. h3 O-O 9. Nbd2 Bf5 10.
Re1 Na6 11. Bb3 c5 12. Nc4 Qd8 13. Bg5 h6 14. Bh4 b5 15. dxc5 bxc4 16. Bxc4 Nac7 17. c3 a5 18. Qe2 Qc8 19. Rad1 Be6 20. Nd4 Nf4 21. Qf3 Bxc4 22. Qxf4 g5 23. Bxg5 hxg5 24. Qxg5 f6 25. Qg6 Bf7 26. Qg3 e5 27. Nf3 Rd8 28.
Nh4 Rxd1 29. Rxd1 Ne8 30. b4 axb4 31. cxb4 Rxa2 32. c6 Qxc6 33. Nf5 Qc2 34. Qg4 Be6 35. Kh1 Qxf5 36. Qg3 Qxf2 37. Qg6 Bf7 38. Qg4 Qe2 39.
Qxe2 Rxe2 40. Rd7 Rb2 41. Rb7 Nd6 42. Rb8+ Kh7 43. b5 Rxb5 44. Ra8 e4 45. Kh2 f5 46. Ra4 Be5+ 47. g3 Rb2+ 48. Kg1 e3 49. Kf1 Bc4+ 50.
Ke1 Bc3+ 51. Kd1 e2+ 52. Kc1 e1=Q# 0-1

[Event "Early-Titled-Tuesday-Blitz-September-12-2023"]
[Site "Chess.com"]
[Date "2023.09.12"]
[Round "2"]
[White "LileKoridze"]
[Black "Chessdreamer2020"]
[Result "0-1"]
[WhiteElo "2368"]
[BlackElo "2539"]
[TimeControl "180+1"]
[EndTime "8:18:32 PDT"]
[Termination "Chessdreamer2020 won by resignation"]

1. d4 d6 2. Nf3 g6 3. c4 Bg7 4.
Nc3 e5 5. dxe5 dxe5 6. Qc2 c6 7.
Bg5 f6 8. Bc1 Be6 9. b3 Ne7 10.
Ba3 O-O 11. e3 Re8 12. Be2 Qa5 13. Bb2 Na6 14. a3 Qc7 15. O-O Rad8 16. Rad1 h6 17.
h3 f5 18. b4 Nb8 19. Na4 Nd7 20. c5 Nd5 21. e4 Nf4 22. Bc4 Bxc4 23. Qxc4+ Kh7 24.
exf5 gxf5 25. Rd6 b5 26. Qc2 e4 27. Bxg7 Kxg7 28. Qb2+ Kh7 29. Qd2 Ng6 30. Nh4 Nde5 31. Nxg6 Nxg6 32. Nc3 Rxd6 33. cxd6 Qd7 34. Rd1 Re6 35.
Qd4 Nf4 36. Qe3 Rxd6 37. Qxf4 Rxd1+ 38. Nxd1 Qxd1+ 39. Kh2 Qd7 40. Qe5 Kg6 41. Qc5 Kf6 42. Qf8+ Ke6 43. Qxh6+ Kd5 44. Qd2+ Ke6 45. Qxd7+ Kxd7 46. Kg3 c5 47. bxc5 a5 48. h4 b4 49. axb4 a4 50.
b5 a3 51. c6+ Kc7 52. Kf4 a2 53. Kxf5 a1=Q 54. Kxe4 Qa4+ 55. Kf5 Qxb5+ 56. Kg6 Qxc6+ 57. Kg5 Qxg2+ 58. Kh5 Qxf2 59. Kh6 Qf6+ 60. Kh5 Kd7 61. Kg4 Ke7 62. h5 Kf7 0-1

[Event "Early-Titled-Tuesday-Blitz-September-12-2023"]
[Site "Chess.com"]
[Date "2023.09.12"]
[Round "2"]
[White "SHIVACalypso"]
[Black "HrvojeZagreb"]
[Result "0-1"]
[WhiteElo "2476"]
[BlackElo "2259"]
[TimeControl "180+1"]
[EndTime "8:18:33 PDT"]
[Termination "HrvojeZagreb won by resignation"]

1. e4 c5 2. Nf3 a6 3. d4 cxd4 4.
Nxd4 Nf6 5. e5 Qa5+ 6. Nc3 Qxe5+ 7. Be2 Nc6 8. Be3 e6 9. O-O d5 10. Re1 Be7 11. g3 Qc7 12. Nxc6 bxc6 13. Bf4 Bd6 14.
Bxd6 Qxd6 15. Bf3 O-O 16. Ne4 Nxe4 17. Bxe4 Qb4 18. Bd3 Qxb2 19. Rb1 Qxa2 20. Qh5 g6 21. Qh6 Qa3 22. Re5 Qe7 23. Rh5 f5 24. Rh4 e5 25. Rb6 e4 26. Be2 Rf6 27. Qg5 a5 28. Rxc6 Rf7 29. Rxg6+ hxg6 30. Qxg6+ Rg7 31. Qh6 Rh7 32.
Qg6+ Kh8 33. Rxh7+ Qxh7 34. Qf6+ Qg7 35. Qd8+ Kh7 36.
Qh4+ Kg8 37. Qd8+ Kf7 38. Bh5+ Ke6 39. Qe8+ Kd6 40. Qd8+ Kc6 41. Be8+ Kc5 42. Ba4 f4 43. Qe8 Qa1+ 44. Kg2 Bh3+ 45. Kxh3 Rxe8 46. Bxe8 e3 47. fxe3 fxe3 48. Bh5 Qf1+ 49. Kg4 e2 0-1